 Dungeon Crawl Stone Soup version 0.15.2 (webtiles) character file.

7204 Huymann the Thaumaturge (level 10, -7/65 HPs)
             Began as a High Elf Wizard on Feb 18, 2015.
             Was a Priest of Vehumet.
             Mangled by an unseen horror (8 damage)
             ... on Level 10 of the Dungeon.
             The game lasted 01:56:51 (12169 turns).

Huymann the Thaumaturge (High Elf Wizard)          Turns: 12169, Time: 01:56:51

HP  -7/65        AC 12     Str 11      XL: 10   Next: 87%
MP  17/29        EV 17     Int 22      God: Vehumet [***...]
Gold 483         SH  0     Dex 18      Spells:  8 memorised,  9 levels left

rFire  . . .     SeeInvis .     m - +2 great sword (elec)
rCold  . . .     Clarity  .     V - +2 robe of Surprise {Str+2 Dex+3}
rNeg   + . .     rCorr    .     (no shield)
rPois  .         rRot     .     M - +1 hat
rElec  .         Spirit   .     u - +0 cloak
SustAb .         Warding  .     k - +0 pair of gloves
rMut   .         Stasis   .     S - +1 pair of boots
Gourm  .                        (no amulet)
MR     +....                    b - ring of positive energy
                                i - +3 ring of protection

@: very slightly contaminated, drained, somewhat resistant to hostile
enchantments, stealthy
A: no striking features
a: Renounce Religion


You were on level 10 of the Dungeon.
You worshipped Vehumet.
Vehumet was most pleased with you.
You were not hungry.

You visited 2 branches of the dungeon, and saw 11 of its levels.

You collected 483 gold pieces.

Inventory:

Hand weapons
 m - a +2 great sword of electrocution (weapon)
 z - a +1 dagger of venom
 A - a +0 short sword of protection
 G - a +0 shortbow of flaming
 Y - a +0 blowgun
Missiles
 t - 5 curare-tipped needles
 y - 64 poisoned needles
 H - 52 arrows
Armour
 k - a +0 pair of gloves (worn)
 u - a +0 cloak (worn)
 w - a +0 buckler
 M - a +1 hat (worn)
 S - a +1 pair of boots (worn)
 V - the +2 robe of Surprise (worn) {Str+2 Dex+3}
   (You found it on level 9 of the Dungeon)

   It affects your strength (+2).
   It affects your dexterity (+3).
Magical devices
 n - a wand of invisibility (0)
 r - a wand of cold (7)
 L - a wand of digging (11)
 O - a wand of enslavement (8)
 P - a wand of random effects (12)
 Q - a wand of flame (10)
 U - a wand of confusion (6)
Comestibles
 d - 8 bread rations
 g - 4 meat rations
 s - 3 beef jerkies
 F - 3 fruits
 R - 3 rotting chunks of orc flesh
Scrolls
 a - 3 scrolls of enchant armour
 h - a scroll of fog
 l - 3 scrolls of recharging
 q - 5 scrolls of teleportation
 v - 2 scrolls of remove curse
 I - a scroll of amnesia
Jewellery
 b - a ring of positive energy (right hand)
 i - a +3 ring of protection (left hand)
Potions
 e - 4 potions of curing
 f - 3 potions of brilliance
 j - a potion of restore abilities {unknown}
 o - a potion of lignification
 D - a potion of flight {unknown}
 E - a potion of cancellation {unknown}
 J - a potion of poison {unknown}
 Z - a potion of might {unknown}
Books
 c - a book of Minor Magic

   Spells                             Type                      Level
   *Magic Dart                        Conjuration                  1
   *Blink                             Translocation                2
   *Call Imp                          Summoning                    2
   *Repel Missiles                    Charms/Air                   2
   *Slow                              Hexes                        2
   *Conjure Flame                     Conjuration/Fire             3
   *Mephitic Cloud                    Conjuration/Poison/Air       3
 W - the Almanac of Attacks and Feathers
   (You acquired it on level 7 of the Dungeon)

   Spells                             Type                      Level
   *Flame Tongue                      Conjuration/Fire             1
   Searing Ray                        Conjuration                  2
   Force Lance                        Conjuration                  5
   Silence                            Hexes/Air                    5
   Poisonous Cloud                    Conjuration/Poison/Air       6
 X - a book of Wizardry

   Spells                             Type                      Level
   Agony                              Necromancy                   5
   Force Lance                        Conjuration                  5
   Dispersal                          Translocation                6
   Haste                              Charms                       6
   Invisibility                       Hexes                        6
   Spellforged Servitor               Conjuration/Summoning        7
Magical staves
 p - an uncursed staff of poison
 B - an uncursed staff of cold
Miscellaneous
 K - a crystal ball of energy
Rods
 x - a +1 rod of clouds (9/9)
   (You took it off a kobold on level 6 of the Dungeon)


   Skills:
 * Level 4.7(4.5) Fighting
 * Level 6.2(6.1) Short Blades
 + Level 0.5(3.7) Long Blades
 * Level 5.0(4.8) Staves
 * Level 7.1(6.9) Dodging
 * Level 8.0(7.8) Stealth
 * Level 2.5(2.3) Shields
 + Level 8.1(7.9) Spellcasting
 * Level 6.9(6.7) Conjurations
 * Level 0.8(0.6) Hexes
 * Level 0.2(0.1) Charms
 + Level 2.5(2.3) Summonings
 + Level 1.3(1.1) Translocations
 + Level 1.8(1.6) Fire Magic
 + Level 2.7(2.6) Air Magic
 + Level 1.7(1.5) Poison Magic
 + Level 0.2(0.0) Evocations


You had 9 spell levels left.
You knew the following spells:

 Your Spells              Type           Power        Failure   Level  Hunger
a - Magic Dart            Conj           ####         1%          1    None
b - Blink                 Tloc           N/A          10%         2    None
c - Call Imp              Summ           ###.....     6%          2    None
d - Conjure Flame         Conj/Fire      ####....     1%          3    None
e - Mephitic Cloud        Conj/Pois/Air  ###.....     1%          3    None
f - Repel Missiles        Chrm/Air       ##....       10%         2    None
g - Slow                  Hex            ##......     10%         2    None
h - Flame Tongue          Conj/Fire      ####.        1%          1    None


Dungeon Overview and Level Annotations

Branches:
Dungeon (10/15)            Temple (1/1) D:6            Lair (0/8) D:10
    Orc: D:9-12

Altars:
Cheibriados
Fedhas
Kikubaaqudgha
Nemelex Xobeh
Qazlal
Sif Muna
Trog
Vehumet
Xom
Yredelemnul
Zin
The Shining One

Shops:
D:7 [   D:8 :

Annotations:
D:3 heinrich's ghost, average NaTm


Message History

Something hits you but does no damage. Something closely misses you.
Something closely misses you. Something misses your crimson imp.
Something barely misses you. Something barely misses you.
Something bites your crimson imp but does no damage.
Something hits you.
* * * LOW HITPOINT WARNING * * *
Something hits you.
* * * LOW HITPOINT WARNING * * *
Something completely misses you. Something hits you but does no damage.
Something barely misses you. Something barely misses you.
You closely miss something. Something closely misses you. Something hits you!
* * * LOW HITPOINT WARNING * * *
The yak barely misses you.
Your crimson imp blinks!
Something hits you but does no damage.
You miss something. Something hits you!
You die...

+......#### #......)#
#......'()###.......#
#......##[()'.......#
#......######.......+
#.....K# #.%)....#
#....K.# ##)######
#......# #(# ##..K###
#.### ###. #<.@# ..
####Y#### #.......#
#...Y...###
####...Y.....#
+..#....[..#...+
#.....5...#####
###...Y)..# #)......#


You could see an elephant, a yak, 2 sheep and a friendly crimson imp.

Vanquished Creatures
  Nergalle (D:10)
  A hill giant (D:10)
  Prince Ribbit (D:6)
  A wyvern (D:8)
  A hippogriff (D:9)
  A hungry ghost (D:8)
  2 water moccasins
  3 ice beasts
  2 sky beasts (D:6)
  3 orc warriors
  A black bear (D:6)
  3 phantoms (D:6)
  2 ogres
  3 centaurs
  3 big kobolds
  6 giant frogs
  A hippogriff zombie (D:6)
  2 scorpions
  A yak zombie (D:8)
  4 jellies
  An electric eel (D:9)
  3 killer bees (D:9)
  5 crimson imps
  3 goliath beetles
  3 orc priests
  3 orc wizards
  A two-headed ogre zombie (D:9)
  2 giant frog skeletons
  7 worker ants
  5 hounds
  5 iguanas
  3 ogre zombies
  A crocodile zombie (D:8)
  2 worker ant zombies
  A hound skeleton (D:9)
  3 gnolls (D:8)
  14 adders
  An orc zombie (D:7)
  An inept item mimic (D:5)
  An orc skeleton (D:5)
  A giant mite (D:2)
  3 white imps
  4 worms
  An adder skeleton (D:6)
  8 giant geckos
  2 oozes
  24 orcs
  19 bats
  A bat skeleton (D:8)
  6 giant cockroaches
  16 hobgoblins
  7 jackals
  A ball python zombie (D:6)
  4 giant newts
  12 goblins
  A jackal zombie (D:8)
  24 kobolds
  4 quokkas
  A quokka zombie (D:5)
  18 rats
  2 spectral orcs (D:10)
266 creatures vanquished.

Vanquished Creatures (collateral kills)
  Gastronok (D:8)
  Psyche (D:8)
  The ghost of Huymann the Magician, an average HEWz (D:4)
  A giant frog (D:6)
  Blork the orc (D:4)
  2 killer bees (D:9)
  A jelly (D:10)
  A hound (D:4)
  A quasit (D:6)
  2 iguanas (D:6)
  A worker ant (D:5)
  2 adders
  A giant gecko (D:8)
  4 orcs
  A goblin (D:5)
  2 hobgoblins
  3 jackals (D:5)
  4 kobolds
  A quokka (D:8)
  A giant gecko skeleton (D:6)
  A giant newt (D:4)
  A hobgoblin skeleton (D:5)
  A rat (D:5)
  A spectral orc (D:10)
36 creatures vanquished.

Vanquished Creatures (others)
  A big kobold (D:9)
  A killer bee (D:9)
  2 iron imps
  4 crimson imps
  An orc wizard (D:9)
  9 white imps
  6 shadow imps
  A kobold (D:9)
25 creatures vanquished.

Grand Total: 327 creatures vanquished

Notes
Turn   | Place    | Note
--------------------------------------------------------------
     0 | D:1      | Huymann, the High Elf Wizard, began the quest for the Orb.
     0 | D:1      | Reached XP level 1. HP: 11/11 MP: 5/5
   398 | D:1      | Reached XP level 2. HP: 17/17 MP: 1/7
   494 | D:1      | Reached skill level 4 in Spellcasting
  1116 | D:2      | Reached XP level 3. HP: 8/21 MP: 4/11
  1141 | D:2      | Learned a level 2 spell: Blink
  1144 | D:2      | Learned a level 2 spell: Call Imp
  1148 | D:2      | Learned a level 3 spell: Conjure Flame
  1701 | D:2      | Reached XP level 4. HP: 27/27 MP: 2/14
  1857 | D:2      | Learned a level 3 spell: Mephitic Cloud
  1929 | D:2      | Reached skill level 1 in Fighting
  2199 | D:3      | Noticed a giant frog
  2209 | D:3      | Killed a giant frog
  2209 | D:3      | Reached skill level 1 in Short Blades
  2209 | D:3      | Reached skill level 1 in Staves
  2209 | D:3      | Reached skill level 1 in Summonings
  2209 | D:3      | Reached XP level 5. HP: 17/33 MP: 13/16
  2771 | D:3      | Found a glowing golden altar of the Shining One.
  2838 | D:3      | Noticed heinrich's ghost (average NaTm)
  2979 | D:3      | Found a glowing silver altar of Zin.
  3200 | D:4      | Noticed an ogre
  3233 | D:4      | Killed an ogre
  3233 | D:4      | Reached XP level 6. HP: 37/39 MP: 3/19
  3488 | D:4      | Noticed Huymann's ghost (average HEWz)
  3522 | D:4      | Killed Huymann's ghost
  3851 | D:4      | Noticed Blork the orc
  3866 | D:4      | Killed Blork the orc
  3866 | D:4      | Reached skill level 5 in Spellcasting
  4052 | D:4      | Noticed a centaur
  4054 | D:4      | Found a snail-covered altar of Cheibriados.
  4064 | D:4      | Killed a centaur
  4332 | D:5      | Entered Level 5 of the Dungeon
  4379 | D:5      | Reached XP level 7. HP: 39/44 MP: 13/21
  4524 | D:5      | Found a stormy altar of Qazlal.
  4743 | D:5      | Reached skill level 1 in Air Magic
  4788 | D:5      | Learned a level 2 spell: Repel Missiles
  5748 | D:6      | Reached XP level 8. HP: 36/51 MP: 6/23
  6020 | D:6      | Reached skill level 5 in Conjurations
  6038 | D:6      | Reached skill level 6 in Spellcasting
  6038 | D:6      | Reached skill level 1 in Poison Magic
  6409 | D:6      | Learned a level 2 spell: Slow
  6633 | D:6      | Reached skill level 5 in Stealth
  6739 | D:6      | Found a staircase to the Ecumenical Temple.
  6745 | Temple   | Entered the Ecumenical Temple
  6766 | Temple   | Became a worshipper of Vehumet
  6953 | D:6      | Noticed Prince Ribbit
  7194 | D:5      | Reached XP level 9. HP: 57/57 MP: 18/25
  7535 | D:6      | Killed Prince Ribbit
  7701 | D:6      | Identified a +1 rod of clouds (9/9) (You took it off a kobold on level 6 of the Dungeon)
  7704 | D:7      | Found Plesag's Antique Armour Shop.
  7998 | D:7      | Reached skill level 5 in Dodging
  8041 | D:7      | Reached skill level 7 in Spellcasting
  8050 | D:7      | Acquired Vehumet's first power
  8050 | D:7      | Offered knowledge of Flame Tongue by Vehumet.
  8076 | D:7      | Learned a level 1 spell: Flame Tongue
  8258 | D:7      | Found a deep blue altar of Sif Muna.
  8372 | D:7      | Reached skill level 5 in Short Blades
  8407 | D:7      | Identified a scroll of acquirement
  8410 | D:7      | Identified the Almanac of Attacks and Feathers (You acquired it on level 7 of the Dungeon)
  8511 | D:8      | Noticed Gastronok
  8557 | D:8      | Killed Gastronok
  8664 | D:8      | Noticed Psyche
  8672 | D:8      | Killed Psyche
  8672 | D:8      | Reached skill level 1 in Fire Magic
  8672 | D:8      | Reached XP level 10. HP: 57/63 MP: 17/28
  8842 | D:8      | Found a basalt altar of Yredelemnul.
  8913 | D:8      | Offered knowledge of Sandblast by Vehumet.
  9081 | D:8      | Found Gaemun's Book Emporium.
 10099 | D:9      | Reached skill level 1 in Shields
 10104 | D:9      | Found a shimmering altar of Xom.
 10336 | D:9      | Offered knowledge of Stone Arrow by Vehumet.
 10618 | D:9      | Got a warped robe
 10630 | D:9      | Identified the +2 robe of Surprise {Str+2 Dex+3} (You found it on level 9 of the Dungeon)
 11452 | D:10     | Entered Level 10 of the Dungeon
 11452 | D:10     | Noticed a hill giant
 11459 | D:10     | Killed a hill giant
 11459 | D:10     | Acquired Vehumet's second power
 11459 | D:10     | Reached skill level 8 in Spellcasting
 11650 | D:10     | Noticed Nergalle
 11825 | D:10     | HP: 4/97 [spectral orc warrior/flail[Nergalle] (3)]
 11832 | D:10     | HP: 4/97 [spectral orc warrior/flail[Nergalle] (1)]
 11834 | D:10     | Killed Nergalle
 11834 | D:10     | Reached skill level 5 in Staves
 12129 | D:10     | Found a staircase to the Lair.
 12144 | D:10     | Noticed an elephant
 12168 | D:10     | HP: 1/65 [something (8)]
 12169 | D:10     | Mangled by an unseen horror

Action                   |  1- 3 |  4- 6 |  7- 9 | 10-12 || total
-------------------------+-------+-------+-------+-------++-------
Melee: Staff             |     4 |       |       |       ||     4
       Dagger            |     1 |   121 |   198 |    58 ||   378
       Short sword       |       |       |    61 |    84 ||   145
       Great sword       |       |       |       |    72 ||    72
 Fire: Shortbow          |       |       |     3 |       ||     3
 Cast: Magic Dart        |    85 |    63 |   120 |     6 ||   274
       Conjure Flame     |     1 |     8 |    30 |    19 ||    58
       Call Imp          |       |    15 |    34 |    17 ||    66
       Mephitic Cloud    |       |    10 |    39 |    25 ||    74
       Blink             |       |     6 |     9 |     4 ||    19
       Slow              |       |       |     1 |     2 ||     3
       Flame Tongue      |       |       |       |    50 ||    50
Evoke: Wand              |       |       |     6 |     1 ||     7
  Use: Scroll            |     4 |       |    12 |     4 ||    20
       Potion            |       |       |       |     5 ||     5
 Stab: Confused          |       |     6 |     6 |     3 ||    15
       Sleeping          |       |     5 |     5 |    10 ||    20
       Distracted        |       |       |     2 |       ||     2
  Eat: Chunk             |     2 |    10 |    14 |    12 ||    38
       Fruit             |       |       |     1 |       ||     1
       Pizza             |       |       |       |     1 ||     1
